 Dungeon Crawl Stone Soup version 0.30-a0-847-g17996783a1 (webtiles) character file.

Game seed: 10380753577187476824

13503 pyrow613 the Carver (level 11, -4/95 HPs)
             Began as a Demigod Gladiator on Mar 3, 2023.
             Slain by a meliai
             ... wielding a +0 flail
              (7 damage)
             ... on level 10 of the Dungeon.
             The game lasted 00:51:13 (10250 turns).

pyrow613 the Carver (Demigod Gladiator)            Turns: 10250, Time: 00:51:13

Health: -4/95      AC: 13    Str: 15    XL:     11   Next: 48%
Magic:  14/14      EV: 13    Int: 10    God:
Gold:   536        SH:  0    Dex: 24    Spells: 10/10 levels left

rFire   . . .      SeeInvis +    a - +2 long sword (elec)
rCold   + . .      Faith    .    (no shield)
rNeg    . . .      Spirit   .    t - +3 leather armour {rC+}
rPois   +          Reflect  .    c - +2 helmet
rElec   .          Rampage  .    h - +2 cloak of Vanity {rPois Will++ Regen+ Dex-3}
rCorr   .                        (no gloves)
Will    +++..                    E - +0 pair of boots {Stlth+}
Stlth   ++++                     z - amulet of regeneration
HPRegen 1.95/turn                p - ring of see invisible
MPRegen 0.14/turn                (no ring)

@: no status effects
A: high MP 1, forlorn, divine attributes
a: no special abilities


You were on level 10 of the Dungeon.
You visited 1 branch of the dungeon, and saw 10 of its levels.
You visited the Abyss 2 times.
You also visited: Bailey.

You collected 536 gold pieces.

Inventory:

Hand Weapons
 a - a +2 long sword of electrocution (weapon)
 b - a +3 great sword of freezing
 e - a +1 rapier of venom
 q - the +7 quarterstaff of Kaun {elec, Str+6 Stlth-}
   (You found it in a bailey)

   Str:       It affects your strength (+6).
   Stlth:     It makes you less stealthy.
Missiles
 d - a throwing net
 w - 4 javelins
 D - 47 poisoned darts (quivered)
Armour
 c - a +2 helmet (worn)
 h - the +2 cloak of Vanity (worn) {rPois Will++ Regen+ Dex-3}
   (You acquired it in a bailey)

   Dex:       It affects your dexterity (-3).
   rPois:     It protects you from poison.
   Regen:     It increases your rate of health regeneration.
   Will:      It greatly increases your willpower.
 t - a +3 leather armour of cold resistance (worn)
 E - a +0 pair of boots of stealth (worn)
Jewellery
 p - a ring of see invisible (left hand)
 z - an amulet of regeneration (around neck)
Wands
 B - a wand of charming (9)
Scrolls
 f - 3 scrolls of fog
 r - a scroll of vulnerability {unknown}
 v - 2 scrolls of teleportation
 x - 2 scrolls of blinking
 y - a scroll of silence
 G - a scroll of poison
Potions
 g - 4 potions of haste
 i - 5 potions of ambrosia
 j - a potion of mutation {unknown}
 k - a potion of heal wounds
 l - 3 potions of brilliance
 m - 8 potions of curing
 n - 2 potions of cancellation {unknown}
 s - 2 potions of lignification {unknown}
 u - 2 potions of invisibility {unknown}
 A - a potion of magic
 C - a potion of resistance {unknown}
Miscellaneous
 F - a lightning rod (4/4)


   Skills:
 + Level 8.9 Fighting
 * Level 13.5 Long Blades
 + Level 5.5 Throwing
 - Level 2.6 Dodging
 + Level 5.5 Stealth


You had 10 spell levels left.
You didn't know any spells.
Your spell library contained the following spells:

 Spells                   Type           Power      Damage    Failure   Level
 Slow                     Hex            0%         N/A       43%         1
 Summon Small Mammal      Summ           0%         N/A       43%         1
 Blink                    Tloc           0%         N/A       56%         2
 Cigotuvi's Dreadful Rot  Necr/Pois/Air  0%         N/A       56%         2
 Ensorcelled Hibernation  Hex/Ice        0%         N/A       56%         2
 Lesser Beckoning         Tloc           0%         N/A       56%         2
 Momentum Strike          Conj/Tloc      0%         3d8       56%         2
 Passwall                 Tmut/Erth      0%         N/A       56%         2
 Call Canine Familiar     Summ           0%         N/A       80%         3
 Frozen Ramparts          Ice            0%         1d1       80%         3
 Gell's Gravitas          Tloc           0%         N/A       80%         3
 Summon Guardian Golem    Hex/Summ       0%         N/A       80%         3
 Swiftness                Air            0%         N/A       80%         3
 Teleport Other           Tloc           0%         N/A       80%         3
 Dispel Undead            Necr           0%         3d6       99%         4
 Ice Form                 Ice/Tmut       0%         N/A       99%         4
 Summon Ice Beast         Ice/Summ       0%         N/A       99%         4
 Death Channel            Necr           0%         N/A       100%        6


Dungeon Overview and Level Annotations

Branches:
Dungeon (10/15)            Temple (0/1) D:6            Lair (0/5) D:9
 Bailey (visited)
    Orc: D:9-12

Shops:
D:7 *

Annotations:
D:7 2 transporters, jimonade's ghost, novice DjWr


Innate Abilities, Weirdness & Mutations

You have an increased reservoir of magic. (+10% MP)
You shall have no god before yourself.
Your divine heritage dramatically boosts your attributes as you level up.


Message History

The meliai stings you but does no damage.
You closely miss the meliai. The meliai closely misses you.
The meliai barely misses you. The meliai hits you with a +0 flail.
The meliai stings you.
You hit the meliai. Lightning courses through the meliai!
The meliai is almost dead.
The meliai invokes the aid of its god against you.
Something smites you! The meliai hits you with a +0 flail!
* * * LOW HITPOINT WARNING * * *
The meliai closely misses you.
You completely miss the meliai.
The meliai is almost dead.
The meliai closely misses you.
The meliai stings you but does no damage.
The meliai completely misses you. The meliai misses you.
You barely miss the meliai.
The meliai is almost dead.
The meliai hits you with a +0 flail!
* * * LOW HITPOINT WARNING * * *
The meliai barely misses you. The meliai hits you but does no damage.
The meliai stings you.
* * * LOW HITPOINT WARNING * * *
The meliai hits you with a +0 flail.
* * * LOW HITPOINT WARNING * * *
The meliai stings you.
* * * LOW HITPOINT WARNING * * *
You are poisoned.
The meliai poisons you!
You feel better.
The meliai mumbles some strange prayers to its god against you.
Something smites you!
* * * LOW HITPOINT WARNING * * *
The meliai barely misses you. The meliai closely misses you.
The meliai mumbles some strange prayers to its god against you.
Something smites you!
* * * LOW HITPOINT WARNING * * *
You barely miss the meliai.
The meliai is almost dead.
The meliai hits you with a +0 flail!
You die...

..⌠..##......###.#
.....####.....[#.#
#...## ?.....#.#
#...# ##....#.#
##'## ....#.#
####.# #.# #.# #@#
..⌠...y.#
......### #....W
###.. # ####'#
#....# #.y..#
=..o..#


You could see a freezing wraith and a meliai (fast).

Vanquished Creatures
  Erolcha (D:9)
  A catoblepas (D:10)
  2 centaur warriors (D:10)
  A two-headed ogre (D:10)
  2 tengu warriors (D:10)
  A fire crab (D:9)
  A manticore (D:10)
  An unseen horror (D:10)
  2 kobold demonologists (Bailey)
  A komodo dragon (D:10)
  A troll (D:10)
  Sigmund (D:6)
  A wyvern (D:9)
  A wraith (D:10)
  14 yaks
  2 steam dragons
  A water moccasin (D:6)
  An ice beast (D:5)
  A sky beast (D:8)
  11 orc warriors
  An ogre (D:6)
  2 phantoms
  3 centaurs
  3 kobold brigands
  A bullfrog (D:5)
  3 scorpions
  15 wights
  4 killer bees (D:10)
  3 electric eels (Bailey)
  5 howler monkeys
  2 jellies
  A hound (D:5)
  A gnoll bouda (D:5)
  4 orc priests
  Jessica (D:3)
  3 iguanas
  8 orc wizards
  13 gnolls
  8 adders
  A white imp (D:7)
  An ufetubus (D:4)
  A worm (D:4)
  3 dart slugs
  40 orcs
  4 bats (D:1)
  13 endoplasms
  4 giant cockroaches
  24 hobgoblins
  8 jackals
  6 quokkas
  5 ball pythons
  3 frilled lizards
  14 goblins
  22 kobolds
  12 rats
289 creatures vanquished.

Vanquished Creatures (collateral kills)
  An orc knight (Bailey)
1 creature vanquished.

Vanquished Creatures (others)
  2 bushes
  24 plants
26 creatures vanquished.

Grand Total: 316 creatures vanquished

Notes
Turn   | Place    | Note
-------+----------+-------------------------------------------
     0 | D:1      | pyrow613 the Demigod Gladiator began the quest for the Orb.
     0 | D:1      | Reached XP level 1. HP: 17/17 MP: 3/3
    54 | D:1      | Reached skill level 3 in Long Blades
    54 | D:1      | Reached XP level 2. HP: 9/24 MP: 4/4
   354 | D:1      | You fall into a shaft and drop 1 floor!
   581 | D:2      | Reached XP level 3. HP: 22/29 MP: 5/5
   654 | D:2      | Reached skill level 4 in Long Blades
  2191 | D:3      | Reached XP level 4. HP: 30/36 MP: 6/6
  2414 | D:3      | Reached skill level 5 in Long Blades
  2441 | D:3      | Noticed Jessica
  2448 | D:3      | Killed Jessica
  2504 | D:3      | Got Jessica's Omnibus of Curses
  2806 | D:2      | Reached XP level 5. HP: 22/41 MP: 7/7
  3199 | D:4      | Reached skill level 6 in Long Blades
  3486 | D:4      | Reached XP level 6. HP: 31/48 MP: 8/8
  4327 | D:5      | Entered Level 5 of the Dungeon
  4350 | D:5      | Reached skill level 7 in Long Blades
  4387 | D:5      | Reached XP level 7. HP: 49/57 MP: 9/9
  4925 | D:6      | Noticed Sigmund
  4932 | D:6      | Killed Sigmund
  4933 | D:6      | Reached skill level 8 in Long Blades
  4975 | D:6      | Found a staircase to the Ecumenical Temple.
  5024 | D:6      | Reached XP level 8. HP: 48/67 MP: 10/10
  5342 | D:6      | Reached skill level 9 in Long Blades
  5650 | D:6      | Reached skill level 5 in Fighting
  5772 | D:7      | Found a transporter.
  5772 | D:7      | Noticed jimonade's ghost (novice DjWr)
  5773 | D:7      | Found a transporter.
  5778 | D:7      | Identified the +8 great mace "Ucykkub" {flame, rPois rF+}
  5778 | D:7      | Identified the +3 great mace of Anxiety {vamp, Str+4 Dex+3}
  5778 | D:7      | Noticed a two-headed ogre
  6327 | D:7      | Found Zin's Purification Station.
  6823 | D:8      | Reached skill level 10 in Long Blades
  6936 | D:8      | Noticed a profane servitor
  7330 | D:8      | Reached XP level 9. HP: 49/75 MP: 11/11
  7524 | D:8      | Noticed an angel
  7593 | D:9      | Noticed Erolcha
  7614 | Abyss:1  | Cast into level 1 of the Abyss (Erolcha)
  7630 | D:9      | Escaped the Abyss
  7652 | Abyss:1  | Cast into level 1 of the Abyss (Erolcha)
  7682 | D:9      | Escaped the Abyss
  7690 | D:9      | Killed Erolcha
  7715 | D:9      | Found a flagged portal.
  7721 | Bailey   | Entered a bailey
  7798 | Bailey   | Reached skill level 11 in Long Blades
  7824 | Bailey   | Noticed a kobold demonologist
  7829 | Bailey   | Noticed a soul eater
  7834 | Bailey   | Killed a kobold demonologist
  8059 | Bailey   | Acquired the +2 cloak of Vanity {rPois Will++ Regen+ Dex-3}
  8169 | Bailey   | Noticed an orc knight
  8191 | Bailey   | Killed an orc knight
  8192 | Bailey   | Reached skill level 1 in Stealth
  8264 | Bailey   | Noticed a kobold demonologist
  8330 | Bailey   | Noticed a sun demon
  8330 | Bailey   | Killed a kobold demonologist
  8331 | Bailey   | Reached XP level 10. HP: 86/86 MP: 13/13
  8361 | Bailey   | Identified the +7 quarterstaff of Kaun {elec, Str+6 Stlth-}
  8393 | Bailey   | Acquired a +0 pair of boots of stealth
  8518 | D:9      | Found a staircase to the Lair.
  8519 | D:9      | Noticed a fire crab
  8531 | D:9      | Killed a fire crab
  8532 | D:9      | Reached skill level 12 in Long Blades
  9137 | D:10     | Entered Level 10 of the Dungeon
  9182 | D:10     | Noticed a two-headed ogre
  9190 | D:10     | Killed a two-headed ogre
  9412 | D:10     | Reached XP level 11. HP: 95/95 MP: 14/14
  9513 | D:10     | Noticed a two-headed ogre
  9756 | D:10     | Reached skill level 13 in Long Blades
  9767 | D:10     | Noticed an orc knight
  9767 | D:10     | Noticed a deep elf archer
  9789 | D:10     | Noticed a seven-headed hydra
  9798 | D:9      | HP: 3/95 [eight-headed hydra (5)]
  9895 | D:10     | Noticed a tengu warrior
  9917 | D:10     | Killed a tengu warrior
  9973 | D:10     | Noticed a centaur warrior
  9991 | D:10     | Killed a centaur warrior
  9992 | D:10     | Reached skill level 5 in Throwing
  9992 | D:10     | Noticed a centaur warrior
 10004 | D:10     | Killed a centaur warrior
 10005 | D:10     | Reached skill level 5 in Stealth
 10022 | D:10     | Noticed a catoblepas
 10036 | D:10     | Killed a catoblepas
 10078 | D:10     | Noticed a wizard
 10160 | D:10     | Noticed a tengu warrior
 10172 | D:10     | Killed a tengu warrior
 10182 | D:10     | Noticed a necromancer
 10182 | D:10     | Noticed an orc knight
 10249 | D:10     | HP: 1/95 [meliai/divine providence (14)]
 10250 | D:10     | Slain by a meliai

Illustrated notes

Levels and vault maps discovered:
D:1:      pf_arrival_petrified_forest, layout_basic,
          ebering_ecumenical_altar_rust
D:2:      layout_basic, roderic_serpentine_path, st_stairs_8,
          nicolae_grassy_gnolls
D:3:      layout_loops_cross, grunt_ministairs_6, kennysheep_jessica_study
D:4:      layout_basic, fedhas_altar_decomposition, minivault_14, st_stairs_5,
          minmay_pentangle
D:5:      layout_rooms, nicolae_overflow_hidden_temple
D:6:      layout_loops_ring, nicolae_uskayaw_dance_studio,
          minmay_temple_entry_hall, uniq_sigmund
D:7:      layout_loops_ring, zin_purify, gammafunk_ghost_smash
D:8:      layout_basic, grunt_temple_overflow_holy_war, kennysheep_little_box,
          nicolae_hexahallways, dk_noncrumbling_4
D:9:      layout_long_grid, mainiacjoe_overflow_alcove_2,
          minmay_lair_entry_lava, enter_bailey_3, serial_bayou_pond_d,
          uniq_erolcha
D:10:     layout_cave_pools, chequers_temple_overflow_statue_of_worship,
          serial_park, serial_park_square2, serial_park_tiny_2,
          serial_park_square1 [serial_park_minivault_5x5_4],
          nicolae_rejected_hall

Skill      XL: |  1  2  3  4  5  6  7  8  9 10 11 |
---------------+----------------------------------+-----
Long Blades    | 3 4 5 6 7 8 10 11 12 13 | 13.5
Fighting       | 2 3 4 6 7 8 |  8.9
Throwing       | 2 4 5 |  5.5
Stealth        | 1 4 5 |  5.5
Dodging        | |  2.6

Action                     |  1- 3 |  4- 6 |  7- 9 | 10-12 || total
---------------------------+-------+-------+-------+-------++-------
  Melee: Long sword        |   145 |   199 |   341 |   231 ||   916
         Punch             |       |     2 |     6 |     5 ||    13
         Great sword       |       |       |       |     3 ||     3
  Throw: Throwing net      |     4 |     1 |     4 |     1 ||    10
         Javelin           |       |     4 |       |     4 ||     8
         Dart              |       |       |    14 |    48 ||    62
  Evoke: Wand              |       |       |     5 |     1 ||     6
    Use: Scroll            |     7 |     6 |     9 |     9 ||    31
         Potion            |       |       |     2 |     4 ||     6
   Stab: Sleeping          |     3 |       |     2 |       ||     5
         Distracted        |       |     1 |     1 |       ||     2
         Held in net/web   |       |       |     4 |       ||     4
 Armour: Leather armour    |    55 |    78 |    59 |   105 ||   297
  Dodge: Dodged            |   121 |   149 |   174 |   169 ||   613

Table legend: (Time is in decaauts)
 A = Elapsed time spent in this place.
 B = Non-inter-level travel time spent in this place.
 C = Inter-level travel time spent in this place.
 D = Time resting spent in this place.
 E = Time spent auto-exploring this place.
 F = Levels seen in this place.
 G = Mean time per level.
                   A        B        C        D        E       F      G
               +--------+--------+--------+--------+--------+-----+--------+
         Total |  10253 |   9967 |    286 |    957 |   6290 |  13 |  788.7 |
       Dungeon |   9509 |   9223 |    286 |    866 |   6106 |  10 |  950.9 |
         Abyss |     45 |     45 |      0 |      0 |     27 |   2 |   22.5 |
        Bailey |    699 |    699 |      0 |     90 |    157 |   1 |  699.0 |
               +--------+--------+--------+--------+--------+-----+--------+

Top non-repeatable levels by time:
     D:4: 1378 daAuts
     D:2: 1281 daAuts
    D:10: 994 daAuts
     D:8: 989 daAuts
     D:9: 921 daAuts
     D:1: 889 daAuts
     D:3: 847 daAuts
     D:6: 844 daAuts
     D:7: 836 daAuts
  Bailey: 699 daAuts
     D:5: 525 daAuts
 Abyss:1: 45 daAuts
